 Dungeon Crawl Stone Soup version 0.31.0-12-g77e489cdc1 (webtiles) character file.

Game seed: 13186943265651015027

814 monsoonserge the Ruffian (level 7, 0/53 HPs)
             Began as a Gnoll Shapeshifter on Mar 3, 2024.
             Was a Follower of Wu Jian.
             Killed from afar by an orc wizard (10 damage)
             ... with a puff of flame
             ... on level 5 of the Dungeon.
             The game lasted 00:10:57 (4252 turns).

monsoonserge the Ruffian (Gnoll Shapeshifter)       Turns: 4252, Time: 00:10:57

Health: 0/53       AC:  3    Str: 15    XL:     7   Next: 93%
Magic:  20/20      EV: 17    Int:  9    God:    Wu Jian [*.....]
Gold:   11         SH:  0    Dex: 12    Spells: 11/11 levels left

rFire   . .          .
                       - Unarmed
rCold   . . .        (shield currently unavailable)
rNeg    . . .        a - melded +0 animal skin
rPois   .            (no helmet)
rElec   .            (no cloak)
rCorr   .            (no gloves)
SInv    .            i - +2 pair of boots
Will    .....        (no amulet)
Stlth   +            l - ring of magical power
HPRegen 0.28/turn    (no ring)
MPRegen 0.17/turn

%: no passive effects
@: flux-form, glowing, studying Polearms
A: glow, contaminating, fangs 1, strong nose, distributed training
a: Begin Untransformation, Renounce Religion


You were on level 5 of the Dungeon.
You worshipped Wu Jian.
Wu Jian was aware of your devotion.
You were something dangerously unstable.
You visited 2 branches of the dungeon, and saw 6 of its levels.

You collected 158 gold pieces.
You spent 147 gold pieces at shops.

Inventory:

Hand Weapons
 k - a +2 sling of freezing
Missiles
 o - 6 poisoned darts (quivered)
 w - a curare-tipped dart
Armour
 a - a +0 animal skin (melded)
 b - a scarf of invisibility
 i - a +2 pair of boots (worn)
 r - a +0 leather armour
 B - a +0 plate armour
Magical Staves
 j - a staff of alchemy
Jewellery
 l - a ring of magical power (left hand)
 n - an amulet of regeneration
Talismans
 c - a beast talisman
 d - a flux talisman (active)
Wands
 v - a wand of iceblast (4)
 y - a wand of paralysis (11)
Scrolls
 f - 6 scrolls of identify {unknown}
 g - a scroll of vulnerability {unknown}
 h - 3 scrolls of teleportation {unknown}
 m - 2 scrolls of amnesia {unknown}
 p - a scroll of noise {unknown}
 A - a scroll of enchant weapon {unknown}
 D - a scroll of fear {unknown}
 E - a scroll of poison {unknown}
Potions
 e - a potion of ambrosia {unknown}
 q - a potion of resistance {unknown}
 s - 2 potions of brilliance {unknown}
 t - a potion of attraction {unknown}
 u - a potion of might {unknown}
 x - a potion of berserk rage {unknown}
 z - a potion of curing {unknown}
 C - a potion of haste {unknown}


   Skills:
 + Level 3.9 Fighting
 + Level 2.9 Short Blades
 + Level 2.9 Long Blades
 + Level 2.9 Axes
 + Level 2.9 Maces & Flails
 + Level 3.2 Polearms
 + Level 2.9 Staves
 + Level 2.9 Ranged Weapons
 + Level 2.9 Throwing
 + Level 2.9 Armour
 + Level 5.4 Dodging
 + Level 2.9 Stealth
 + Level 2.9 Shields
 + Level 7.2 Unarmed Combat
 + Level 2.9 Spellcasting
 + Level 2.3 Conjurations
 + Level 2.3 Hexes
 + Level 2.3 Summonings
 + Level 2.3 Necromancy
 + Level 2.3 Translocations
 + Level 2.3 Fire Magic
 + Level 2.3 Ice Magic
 + Level 2.3 Air Magic
 + Level 2.3 Earth Magic
 + Level 2.3 Alchemy
 + Level 3.2 Invocations
 + Level 2.9 Evocations
 + Level 7.1 Shapeshifting


You had 11 spell levels left.
You didn't know any spells.
Your spell library contained the following spells:

 Spells                   Type           Power      Damage    Failure   Level
 Gell's Gravitas          Tloc           5%         N/A       34%         3
 Teleport Other           Tloc           5%         N/A       34%         3
 Dispersal                Tloc           2%         N/A       100%        6


Dungeon Overview and Level Annotations

Branches:
Dungeon (5/15)             Temple (1/1) D:4

Altars:
Dithmenos
Elyvilon
Fedhas
Gozag
Hepliaklqana
Kikubaaqudgha
Nemelex Xobeh
Okawaru
Qazlal
Ru
Sif Muna
Uskayaw
Wu Jian
Xom
Zin
The Shining One

Shops:
D:1 *   D:5 !


Innate Abilities, Weirdness & Mutations

You are something dangerously unstable.
You glow with magical radiation, making you easy to see and hit.
Foes you strike become dangerously contaminated with magical radiation.
You are incapable of wielding weapons or throwing items.
You have very sharp teeth.
Your uncanny sense of smell can sniff out nearby items.
Your experience applies equally to all skills.


Message History

You hit the orc priest.
The orc priest shudders as magic cascades through it!
You kill the orc priest!
The Council accepts your kill. The ufetubus barely misses you.
The ufetubus closely misses you. The ufetubus misses you.
The ufetubus hits you but does no damage.
You completely miss the ufetubus. The orc hits you with a +0 club.
The ufetubus misses you. x2
You hit the ufetubus.
The ufetubus begins to glow.
The ufetubus is moderately wounded.
The ufetubus completely misses you. The ufetubus closely misses you.
The orc closely misses you.
You closely miss the ufetubus.
The ufetubus is moderately wounded.
The ufetubus hits you.
* * * LOW HITPOINT WARNING * * *
The ufetubus hits you.
* * * LOW HITPOINT WARNING * * *
The orc hits you but does no damage. The ufetubus misses you. x2
You hit the ufetubus but do no damage.
The ufetubus glows dangerously bright.
You bite the ufetubus, but do no damage.
The ufetubus is moderately wounded.
The ufetubus hits you.
* * * LOW HITPOINT WARNING * * *
The ufetubus misses you. The orc misses you.
You hit the ufetubus.
The ufetubus shudders as magic cascades through it!
You kill the ufetubus!
The Council accepts your kill.
You punch the orc!
You kill the orc!
The Council accepts your kill.
You can now lightly attack monsters by moving around them.
An orc and an orc wizard come into view.
The orc is wielding a +0 dagger of venom.
The orc shouts!
The orc wizard gestures at you while chanting.
The puff of flame hits you!
You die...

#.....o.# #.....o#
#......# ......
#####.#.####......
#..).......#.....#
#...##.##..#.....#
#..#.#...#......#
##..##..##.#..)..#
##..#.p###.##.....#
#..#.###..#..#
#.#.##.)##...#
#............#
##........<..#
#############


You could see an orc wizard.

Vanquished Creatures
  A yak (D:5)
  An ogre (D:5)
  A phantom (D:4)
  A kobold brigand (D:4)
  2 killer bees (D:4)
  An orc priest (D:5)
  2 hounds (D:4)
  2 iguanas (D:4)
  2 sleepcaps
  Robin (D:2)
  3 adders
  A white imp (D:5)
  2 ufetubi (D:5)
  3 dart slugs (D:3)
  2 ribbon worms (D:2)
  5 orcs
  9 bats
  6 endoplasms
  5 giant cockroaches
  15 goblins
  10 hobgoblins
  2 jackals (D:1)
  8 kobolds
  4 quokkas
  9 ball pythons
  5 frilled lizards
  8 rats
111 creatures vanquished.

Notes
Turn   | Place    | Note
-------+----------+-------------------------------------------
     0 | D:1      | monsoonserge the Gnoll Shapeshifter began the quest for the
                  | Orb.
     0 | D:1      | Reached XP level 1. HP: 17/17 MP: 1/1
    88 | D:1      | Reached XP level 2. HP: 23/23 MP: 2/2
   487 | D:1      | Reached XP level 3. HP: 25/28 MP: 3/3
   532 | D:1      | Found Inyar's Assorted Antiques.
   601 | D:1      | Reached skill level 1 in Invocations
   859 | D:1      | Found a stormy altar of Qazlal.
  1142 | D:2      | Reached skill level 1 in Short Blades
  1142 | D:2      | Reached skill level 1 in Long Blades
  1142 | D:2      | Reached skill level 1 in Axes
  1142 | D:2      | Reached skill level 1 in Maces & Flails
  1142 | D:2      | Reached skill level 1 in Polearms
  1142 | D:2      | Reached skill level 1 in Staves
  1142 | D:2      | Reached skill level 1 in Ranged Weapons
  1142 | D:2      | Reached skill level 1 in Throwing
  1142 | D:2      | Reached skill level 1 in Armour
  1142 | D:2      | Reached skill level 1 in Stealth
  1142 | D:2      | Reached skill level 1 in Shields
  1142 | D:2      | Reached skill level 1 in Spellcasting
  1142 | D:2      | Reached skill level 1 in Evocations
  1469 | D:2      | Reached XP level 4. HP: 32/34 MP: 5/5
  1470 | D:2      | Found a faded altar of an unknown god.
  1589 | D:2      | Noticed Robin
  1620 | D:2      | Reached skill level 1 in Conjurations
  1620 | D:2      | Reached skill level 1 in Hexes
  1620 | D:2      | Reached skill level 1 in Summonings
  1620 | D:2      | Reached skill level 1 in Necromancy
  1620 | D:2      | Reached skill level 1 in Translocations
  1620 | D:2      | Reached skill level 1 in Fire Magic
  1620 | D:2      | Reached skill level 1 in Ice Magic
  1620 | D:2      | Reached skill level 1 in Air Magic
  1620 | D:2      | Reached skill level 1 in Earth Magic
  1620 | D:2      | Reached skill level 1 in Alchemy
  1625 | D:2      | Killed Robin
  1713 | D:2      | Found an ornate altar of the Wu Jian Council.
  1724 | D:2      | Became a worshipper of the Wu Jian Council
  2297 | D:3      | Reached XP level 5. HP: 38/40 MP: 7/7
  2633 | D:3      | Found a blossoming altar of Fedhas.
  2765 | D:1      | Bought a bone wand for 84 gold pieces
  2765 | D:1      | Bought a scroll labelled BICAOM ZELEHU for 21 gold pieces
  2940 | D:4      | Noticed a kobold brigand
  2948 | D:4      | Killed a kobold brigand
  2949 | D:4      | Reached XP level 6. HP: 35/47 MP: 8/8
  2987 | D:4      | Found a staircase to the Ecumenical Temple.
  3001 | D:4      | Reached skill level 5 in Dodging
  3310 | D:4      | Found a white marble altar of Elyvilon.
  3310 | D:4      | Found a hide-covered altar of Uskayaw.
  3310 | D:4      | Found a shimmering blue altar of Sif Muna.
  3310 | D:4      | Found an ancient bone altar of Kikubaaqudgha.
  3318 | D:4      | Found an opulent altar of Gozag.
  3318 | D:4      | Found a stormy altar of Qazlal.
  3614 | Temple   | Entered the Ecumenical Temple
  3632 | D:5      | Entered Level 5 of the Dungeon
  3632 | D:5      | Found Jeusosme's Distillery.
  3728 | D:1      | Bought a scroll labelled MOYVITI QYER for 21 gold pieces
  3728 | D:1      | Bought a scroll labelled TOSETE OFROY for 21 gold pieces
  3960 | D:4      | Reached XP level 7. HP: 30/52 MP: 10/10
  4211 | D:5      | Noticed a yak
  4217 | D:5      | Killed a yak
  4248 | D:5      | Reached * piety under Wu Jian
  4252 | D:5      | Killed from afar by an orc wizard

Illustrated notes

Levels and vault maps discovered:
D:1:      dpeg_arrival_water_altar, layout_loops_corners, serial_shops, shop,
          st_stairs_8, hangedman_decor_points, chequers_jeans
D:2:      layout_loops_corners, basic_altar, nicolae_ecumenical_snake_handling,
          kennysheep_generic_room_10, uniq_robin
D:3:      layout_basic, lemuel_crystal_altar, serial_glass, glass_columns_b,
          glass_columns_a, glass_columns_c, glass_columns_a, glass_columns_b,
          glass_columns_b, glass_columns_a, glass_columns_c, glass_columns_c,
          glass_columns_a, due_unseen_surprise, kennysheep_generic_room_5
D:4:      layout_cave_pods, minmay_overflow_temple_hex, minmay_temple_entry_mist
D:5:      layout_rooms, vehumet_altar_wand_db, serial_shops, shop,
          minmay_manual_mess
Temple:   nicolae_temple_bog_church

Skill      XL: |  1  2  3  4  5  6  7 |
---------------+----------------------+-----
Invocations    | 1 2 3 |  3.2
Short Blades   | 1 2 |  2.9
Long Blades    | 1 2 |  2.9
Axes           | 1 2 |  2.9
Maces & Flails | 1 2 |  2.9
Polearms       | 1 2 3 |  3.2
Staves         | 1 2 |  2.9
Ranged Weapons | 1 2 |  2.9
Throwing       | 1 2 |  2.9
Armour         | 1 2 |  2.9
Stealth        | 1 2 |  2.9
Shields        | 1 2 |  2.9
Spellcasting   | 1 2 |  2.9
Evocations     | 1 2 |  2.9
Conjurations   | 1 2 |  2.3
Hexes          | 1 2 |  2.3
Summonings     | 1 2 |  2.3
Necromancy     | 1 2 |  2.3
Translocations | 1 2 |  2.3
Fire Magic     | 1 2 |  2.3
Ice Magic      | 1 2 |  2.3
Air Magic      | 1 2 |  2.3
Earth Magic    | 1 2 |  2.3
Alchemy        | 1 2 |  2.3
Fighting       | 3 |  3.9
Dodging        | 5 |  5.4
Unarmed Combat | 7 |  7.2
Shapeshifting  | 7 |  7.1

Action                     |  1- 3 |  4- 6 |  7- 9 || total
---------------------------+-------+-------+-------++-------
  Melee: Unarmed           |   110 |   174 |    50 ||   334
         Bite              |     9 |    18 |    10 ||    37
         Punch             |     1 |     1 |       ||     2
Ability: Lunge             |       |    10 |       ||    10
    Use: Potion            |       |     1 |       ||     1
   Stab: Sleeping          |     1 |     1 |       ||     2
 Armour: Animal skin       |    10 |       |       ||    10
         Skin              |    28 |    77 |    21 ||   126
  Dodge: Dodged            |    90 |   109 |    69 ||   268
   Form: Flux              |     1 |       |       ||     1
